General information
- name: BNet
- type: Ladder team game (AT/RT)
- host: Battle.net
- saver: MyLiegeCyrus
map: SilverpineForest
- players: 6
- length: 47:29
- speed: Fast
- version: 1.26 W3XP
- replay type:

» download(310 KB)
Players
team 1 (winner)
dogsandhorse.ru (
red | 100 APM | 3519 actions | 35:03)
4 Warden
2 Shadow Strike
2 Blink
2 Pandaren Brewmaster
1 Breath of Fire
1 Drunken Haze
» actions
| Assign group hotkey | 11 | |
| Build / train | 72 | |
| Enter build submenu | 19 | |
| Enter hero's abilities submenu | 6 | |
| Give item / drop item | 8 | |
| Remove unit from queue | 1 | |
| Right click | 2164 | |
| Select / deselect | 370 | |
| Select group hotkey | 702 | |
| Use ability | 161 | |
3519 total
» units
| Wisp | 23 | |
| Chimaera | 2 | |
| Goblin Zeppelin | 4 | |
| Druid of the Talon | 3 | |
32 total
» upgrades
| Ultravision | 1 | |
| Strength of the Wild | 3 | |
| Nature's Blessing | 1 | |
| Well Spring | 1 | |
| Corrosive Breath | 1 | |
| Reinforced Hides | 3 | |
| Druid of the Talon Training | 2 | |
12 total
» buildings
| Altar of Elders | 1 | |
| Moon Well | 10 | |
| Ancient of Wonders | 1 | |
| Hunter's Hall | 1 | |
| Tree of Ages | 1 | |
| Tree of Life | 2 | |
| Ancient of Wind | 4 | |
| Tree of Eternity | 1 | |
| Chimaera Roost | 2 | |
23 total
» build order
00:09 Altar of Elders
00:28 Moon Well
01:20 Moon Well
02:17 Moon Well
02:58 Ancient of Wonders
03:38 Hunter's Hall
04:31 Tree of Ages
04:58 Tree of Life
05:00 Tree of Life
05:08 Moon Well
07:11 Ancient of Wind
08:53 Tree of Eternity
11:15 Chimaera Roost
11:16 Chimaera Roost
21:51 Moon Well
21:53 Moon Well
21:54 Moon Well
21:58 Moon Well
21:59 Moon Well
22:00 Moon Well
25:12 Ancient of Wind
30:58 Ancient of Wind
31:02 Ancient of Wind
» items
| Healing Salve | 2 | |
| Lesser Clarity Potion | 1 | |
| Boots of Speed | 2 | |
| Staff of Teleportation | 2 | |
| Potion of Lesser Invulnerability | 1 | |
| Orb of Lightning | 2 | |
| Medallion of Courage | 1 | |
| Crystal Ball | 1 | |
| Hood of Cunning | 1 | |
| Staff of Sanctuary | 1 | |
14 total
GiveMeAMatch (
green | 115 APM | 5468 actions | 47:28)
9 Blademaster
3 Wind Walk
3 Critical Strike
1 Bladestorm
2 Mirror Image
» actions
| Assign group hotkey | 250 | |
| Basic commands | 44 | |
| Build / train | 130 | |
| ESC pressed | 2 | |
| Enter build submenu | 93 | |
| Enter hero's abilities submenu | 9 | |
| Give item / drop item | 13 | |
| Remove unit from queue | 2 | |
| Right click | 2730 | |
| Select / deselect | 544 | |
| Select group hotkey | 1276 | |
| Use ability | 374 | |
5468 total
» units
| Peon | 13 | |
| Troll Batrider | 32 | |
| Troll Witch Doctor | 2 | |
47 total
» upgrades
| Spiked Barricades | 3 | |
| Reinforced Defenses | 1 | |
| Liquid Fire | 1 | |
| Ranged Weapons | 3 | |
| Armor | 3 | |
| Witch Doctor Training | 2 | |
| Melee Weapons | 2 | |
| Shaman Training | 2 | |
| Envenomed Spears | 1 | |
| War Drums Damage Increase | 1 | |
| Ensnare | 1 | |
| Pillage | 1 | |
| Pulverize | 1 | |
| Spirit Walker Training | 1 | |
| Troll Regeneration | 1 | |
| Berserker Upgrade | 1 | |
| Berserker Strength | 1 | |
| Burning Oil | 1 | |
27 total
» buildings
| Altar of Storms | 1 | |
| Orc Burrow | 3 | |
| War Mill | 1 | |
| Watch Tower | 60 | |
| Voodoo Lounge | 7 | |
| Stronghold | 2 | |
| Beastiary | 4 | |
| Fortress | 3 | |
| Great Hall | 1 | |
| Spirit Lodge | 1 | |
| Tauren Totem | 1 | |
| Barracks | 1 | |
85 total
» build order
00:09 Altar of Storms
00:17 Orc Burrow
00:27 War Mill
01:27 Orc Burrow
01:54 Watch Tower
02:22 Watch Tower
02:32 Voodoo Lounge
02:58 Voodoo Lounge
03:05 Voodoo Lounge
03:29 Watch Tower
03:33 Watch Tower
03:54 Voodoo Lounge
04:01 Stronghold
04:01 Stronghold
04:30 Watch Tower
04:44 Watch Tower
04:45 Watch Tower
04:57 Watch Tower
05:45 Watch Tower
05:51 Watch Tower
06:02 Watch Tower
06:27 Beastiary
06:51 Watch Tower
07:12 Watch Tower
08:09 Watch Tower
08:15 Beastiary
08:17 Orc Burrow
08:30 Fortress
08:30 Fortress
08:30 Fortress
08:44 Watch Tower
08:50 Watch Tower
08:51 Watch Tower
09:23 Great Hall
09:31 Watch Tower
10:03 Watch Tower
10:18 Watch Tower
10:19 Watch Tower
10:43 Watch Tower
11:07 Watch Tower
11:46 Watch Tower
11:46 Watch Tower
11:56 Watch Tower
15:48 Watch Tower
16:16 Watch Tower
16:17 Watch Tower
16:22 Watch Tower
16:23 Watch Tower
16:39 Watch Tower
16:51 Spirit Lodge
17:41 Voodoo Lounge
17:45 Voodoo Lounge
17:48 Voodoo Lounge
17:51 Watch Tower
17:57 Watch Tower
19:05 Watch Tower
19:26 Watch Tower
19:27 Watch Tower
20:19 Watch Tower
20:50 Watch Tower
20:53 Watch Tower
21:29 Watch Tower
23:09 Watch Tower
23:09 Watch Tower
23:11 Watch Tower
24:24 Watch Tower
24:25 Watch Tower
24:25 Watch Tower
34:34 Tauren Totem
34:45 Barracks
41:20 Watch Tower
41:21 Watch Tower
41:23 Watch Tower
41:24 Watch Tower
41:25 Watch Tower
41:26 Watch Tower
41:28 Watch Tower
41:29 Watch Tower
41:30 Watch Tower
41:31 Watch Tower
41:32 Watch Tower
41:33 Watch Tower
41:33 Watch Tower
45:32 Beastiary
45:33 Beastiary
» items
| Circlet of Nobility | 1 | |
| Boots of Speed | 1 | |
| Staff of Teleportation | 1 | |
| Lesser Clarity Potion | 3 | |
| Healing Salve | 4 | |
| Orb of Lightning | 1 | |
| Claws of Attack +12 | 3 | |
| Helm of Valor | 1 | |
| Potion of Healing | 1 | |
16 total
MyLiegeCyrus (
orange | 119 APM | 5657 actions | 47:29)
5 Archmage
3 Blizzard
2 Brilliance Aura
5 Blood Mage
3 Flame Strike
2 Siphon Mana
4 Pit Lord
2 Rain of Fire
2 Cleaving Attack
1 Pandaren Brewmaster
1 Breath of Fire
1 Warden
1 Blink
» actions
| Assign group hotkey | 369 | |
| Basic commands | 90 | |
| Build / train | 152 | |
| Enter build submenu | 145 | |
| Enter hero's abilities submenu | 18 | |
| Give item / drop item | 7 | |
| Right click | 2273 | |
| Select / deselect | 492 | |
| Select group hotkey | 1674 | |
| Use ability | 436 | |
5657 total
» units
| Peasant | 28 | |
| Sorceress | 1 | |
| Priest | 2 | |
| Spell Breaker | 1 | |
32 total
» upgrades
| Masonry | 3 | |
| Lumber Harvesting | 2 | |
| Magic Sentry | 1 | |
| Swords | 3 | |
| Armor | 3 | |
| Sorceress Training | 2 | |
| Priest Training | 2 | |
| Control Magic | 1 | |
| Animal War Training | 1 | |
| Plating | 1 | |
| Gunpowder | 1 | |
| Storm Hammers | 1 | |
21 total
» buildings
| Altar of Kings | 1 | |
| Farm | 16 | |
| Lumber Mill | 1 | |
| Scout Tower | 130 | |
| Arcane Tower | 10 | |
| Guard Tower | 52 | |
| Keep | 1 | |
| Castle | 1 | |
| Arcane Vault | 7 | |
| Arcane Sanctum | 1 | |
| Town Hall | 1 | |
| Barracks | 1 | |
| Blacksmith | 1 | |
| Gryphon Aviary | 2 | |
225 total
» build order
00:20 Altar of Kings
00:35 Farm
00:54 Lumber Mill
01:27 Farm
01:50 Scout Tower
01:55 Scout Tower
02:09 Farm
02:18 Scout Tower
02:24 Scout Tower
02:24 Arcane Tower
02:25 Scout Tower
02:36 Arcane Tower
02:38 Scout Tower
03:04 Guard Tower
03:09 Guard Tower
03:10 Scout Tower
03:21 Scout Tower
03:22 Scout Tower
03:22 Guard Tower
04:05 Scout Tower
04:06 Guard Tower
04:07 Scout Tower
04:13 Guard Tower
04:14 Guard Tower
04:14 Guard Tower
04:14 Guard Tower
04:16 Scout Tower
04:51 Guard Tower
05:00 Scout Tower
05:00 Scout Tower
05:13 Keep
05:15 Guard Tower
05:21 Scout Tower
05:22 Scout Tower
05:25 Scout Tower
05:32 Farm
05:34 Farm
05:38 Arcane Tower
05:43 Scout Tower
06:01 Guard Tower
06:04 Scout Tower
06:04 Scout Tower
06:16 Scout Tower
06:17 Scout Tower
06:34 Scout Tower
06:35 Scout Tower
06:36 Guard Tower
06:45 Guard Tower
07:01 Guard Tower
07:05 Scout Tower
07:06 Scout Tower
07:24 Guard Tower
07:38 Scout Tower
07:39 Scout Tower
07:41 Scout Tower
07:42 Scout Tower
07:43 Guard Tower
07:45 Scout Tower
07:45 Scout Tower
08:17 Scout Tower
08:18 Scout Tower
08:19 Castle
08:52 Guard Tower
08:54 Scout Tower
08:55 Scout Tower
08:58 Arcane Vault
09:00 Guard Tower
09:04 Arcane Vault
09:19 Guard Tower
10:09 Scout Tower
10:10 Scout Tower
10:11 Scout Tower
10:12 Guard Tower
11:15 Scout Tower
11:17 Scout Tower
11:17 Scout Tower
11:28 Scout Tower
11:28 Scout Tower
11:29 Guard Tower
11:32 Scout Tower
11:32 Scout Tower
11:41 Arcane Sanctum
11:42 Farm
11:54 Town Hall
11:56 Guard Tower
12:23 Scout Tower
12:24 Scout Tower
12:25 Scout Tower
12:25 Scout Tower
12:28 Guard Tower
12:42 Farm
12:58 Guard Tower
12:59 Guard Tower
13:19 Scout Tower
13:20 Scout Tower
13:21 Guard Tower
14:58 Guard Tower
14:59 Scout Tower
15:00 Scout Tower
15:41 Scout Tower
15:42 Scout Tower
15:44 Guard Tower
15:45 Scout Tower
15:45 Scout Tower
15:47 Scout Tower
15:48 Scout Tower
15:55 Barracks
16:14 Guard Tower
16:15 Scout Tower
16:16 Scout Tower
16:49 Guard Tower
16:58 Scout Tower
17:00 Scout Tower
17:22 Arcane Vault
17:23 Guard Tower
17:24 Scout Tower
17:25 Scout Tower
17:29 Arcane Vault
17:42 Scout Tower
17:43 Scout Tower
17:45 Arcane Vault
17:49 Arcane Vault
17:52 Scout Tower
17:53 Scout Tower
18:35 Guard Tower
18:38 Scout Tower
18:38 Scout Tower
18:41 Scout Tower
18:42 Scout Tower
18:49 Guard Tower
18:51 Scout Tower
18:51 Scout Tower
18:57 Scout Tower
18:58 Scout Tower
18:59 Scout Tower
18:59 Scout Tower
19:00 Scout Tower
19:01 Scout Tower
19:22 Guard Tower
19:24 Scout Tower
19:25 Scout Tower
19:27 Scout Tower
19:28 Scout Tower
19:31 Guard Tower
19:41 Blacksmith
19:43 Guard Tower
19:49 Scout Tower
19:50 Scout Tower
19:51 Guard Tower
19:54 Scout Tower
19:55 Scout Tower
19:56 Scout Tower
19:57 Scout Tower
19:58 Arcane Tower
20:18 Arcane Tower
20:38 Scout Tower
20:43 Arcane Tower
20:47 Scout Tower
20:48 Scout Tower
20:48 Guard Tower
20:49 Guard Tower
20:52 Guard Tower
20:53 Scout Tower
20:54 Scout Tower
21:01 Arcane Tower
21:01 Guard Tower
21:05 Guard Tower
21:07 Scout Tower
21:08 Scout Tower
21:43 Guard Tower
21:46 Scout Tower
21:46 Scout Tower
21:49 Arcane Tower
21:52 Guard Tower
21:56 Scout Tower
21:57 Scout Tower
22:03 Guard Tower
22:07 Scout Tower
22:08 Scout Tower
22:08 Scout Tower
22:09 Scout Tower
22:11 Scout Tower
22:12 Scout Tower
22:15 Scout Tower
22:17 Scout Tower
22:18 Scout Tower
22:22 Arcane Vault
22:26 Scout Tower
22:27 Scout Tower
22:28 Scout Tower
22:54 Guard Tower
22:56 Arcane Tower
22:59 Guard Tower
23:02 Scout Tower
23:02 Scout Tower
23:03 Scout Tower
23:03 Scout Tower
23:10 Scout Tower
23:10 Scout Tower
23:12 Scout Tower
23:13 Scout Tower
23:14 Scout Tower
23:15 Scout Tower
23:16 Scout Tower
23:17 Scout Tower
23:17 Scout Tower
23:18 Scout Tower
23:18 Scout Tower
23:50 Arcane Tower
23:57 Guard Tower
24:00 Guard Tower
24:09 Guard Tower
27:03 Guard Tower
35:44 Farm
35:45 Farm
35:45 Farm
35:46 Farm
35:46 Farm
38:14 Gryphon Aviary
38:15 Gryphon Aviary
38:25 Farm
41:27 Farm
41:28 Farm
41:32 Farm
» items
| Boots of Speed | 3 | |
| Staff of Teleportation | 3 | |
| Scroll of Regeneration | 1 | |
| Staff of Sanctuary | 3 | |
| Orb of Lightning | 3 | |
| Talisman of Evasion | 1 | |
| Claws of Attack +9 | 1 | |
| Khadgar's Gem of Health | 1 | |
16 total
team 2 (loser)
caracarton (
pink | 30 APM | 1439 actions | 47:27)
3 Blademaster
1 Wind Walk
2 Critical Strike
3 Tauren Chieftain
2 Endurance Aura
1 Shockwave
» actions
| Assign group hotkey | 9 | |
| Build / train | 116 | |
| ESC pressed | 4 | |
| Enter build submenu | 33 | |
| Enter hero's abilities submenu | 6 | |
| Give item / drop item | 1 | |
| Remove unit from queue | 11 | |
| Right click | 783 | |
| Select / deselect | 304 | |
| Select group hotkey | 111 | |
| Use ability | 60 | |
1439 total
» units
| Peon | 21 | |
| Grunt | -1 | |
| Troll Headhunter/Berserker | 9 | |
| Wind Rider | 16 | |
| Shaman | 21 | |
| Kodo Beast | 3 | |
| Demolisher | 4 | |
73 total
» upgrades
| Pillage | 1 | |
| Spiked Barricades | 3 | |
| Ranged Weapons | 3 | |
| Armor | 3 | |
| Shaman Training | 2 | |
| Reinforced Defenses | 1 | |
| War Drums Damage Increase | 1 | |
| Burning Oil | 1 | |
| Envenomed Spears | 1 | |
16 total
» buildings
| Orc Burrow | 9 | |
| Barracks | 1 | |
| Altar of Storms | 1 | |
| War Mill | 1 | |
| Stronghold | 1 | |
| Voodoo Lounge | 1 | |
| Watch Tower | 11 | |
| Great Hall | 1 | |
| Spirit Lodge | 1 | |
| Beastiary | 1 | |
| Fortress | 1 | |
29 total
» build order
00:12 Orc Burrow
00:34 Barracks
01:13 Orc Burrow
01:39 Altar of Storms
02:52 War Mill
07:16 Stronghold
07:25 Voodoo Lounge
08:36 Watch Tower
09:25 Great Hall
09:42 Orc Burrow
09:46 Watch Tower
10:40 Orc Burrow
11:13 Watch Tower
11:55 Spirit Lodge
13:31 Beastiary
14:53 Watch Tower
16:09 Watch Tower
16:30 Orc Burrow
17:28 Orc Burrow
17:39 Watch Tower
18:33 Orc Burrow
19:37 Watch Tower
19:42 Watch Tower
20:56 Watch Tower
21:15 Fortress
22:07 Watch Tower
26:57 Watch Tower
35:22 Orc Burrow
36:50 Orc Burrow
» items
| Scroll of Town Portal | 3 | |
| Orb of Lightning | 1 | |
4 total
Funkastic (
purple | 64 APM | 2997 actions | 46:54)
4 Blood Mage
2 Flame Strike
1 Banish
1 Siphon Mana
1 Paladin
1 Holy Light
1 Firelord
1 Summon Lava Spawn
» actions
| Assign group hotkey | 48 | |
| Basic commands | 1 | |
| Build / train | 144 | |
| ESC pressed | 7 | |
| Enter build submenu | 31 | |
| Enter hero's abilities submenu | 6 | |
| Give item / drop item | 5 | |
| Remove unit from queue | 11 | |
| Right click | 1648 | |
| Select / deselect | 502 | |
| Select group hotkey | 512 | |
| Use ability | 81 | |
2997 total
» units
| Peasant | 21 | |
| Footman | 5 | |
| Priest | 20 | |
| Rifleman | 4 | |
| Mortar Team | 7 | |
| Sorceress | 4 | |
| Spell Breaker | 4 | |
| Knight | -1 | |
| Dragonhawk Rider | 9 | |
| Gryphon Rider | 3 | |
76 total
» upgrades
| Priest Training | 2 | |
| Long Rifles | 1 | |
| Swords | 3 | |
| Masonry | 3 | |
| Gunpowder | 3 | |
| Fragmentation Shards | 1 | |
| Magic Sentry | 1 | |
| Lumber Harvesting | 2 | |
| Flare | 1 | |
| Control Magic | 1 | |
| Sorceress Training | 2 | |
| Animal War Training | 1 | |
| Plating | 3 | |
| Cloud | 1 | |
| Storm Hammers | 1 | |
26 total
» buildings
| Altar of Kings | 1 | |
| Farm | 17 | |
| Scout Tower | 6 | |
| Barracks | 2 | |
| Lumber Mill | 1 | |
| Arcane Tower | 2 | |
| Arcane Vault | 1 | |
| Guard Tower | 4 | |
| Keep | 1 | |
| Arcane Sanctum | 1 | |
| Blacksmith | 1 | |
| Town Hall | 1 | |
| Castle | 1 | |
| Workshop | 1 | |
| Gryphon Aviary | 2 | |
42 total
» build order
00:13 Altar of Kings
00:19 Farm
00:38 Scout Tower
01:38 Barracks
01:46 Lumber Mill
02:00 Arcane Tower
02:07 Scout Tower
02:14 Farm
03:21 Arcane Vault
03:46 Farm
03:55 Guard Tower
04:11 Keep
06:49 Arcane Sanctum
06:57 Blacksmith
07:06 Scout Tower
07:54 Town Hall
08:27 Barracks
08:43 Farm
09:35 Farm
09:36 Farm
09:37 Farm
10:10 Castle
11:47 Keep
12:15 Guard Tower
14:26 Scout Tower
14:56 Scout Tower
15:20 Guard Tower
15:31 Scout Tower
16:17 Arcane Tower
17:12 Guard Tower
18:26 Workshop
21:43 Farm
21:44 Farm
21:45 Farm
21:46 Farm
23:37 Farm
24:24 Farm
33:18 Gryphon Aviary
42:03 Gryphon Aviary
46:49 Farm
46:49 Farm
46:50 Farm
46:51 Farm
» items
| Lesser Clarity Potion | 2 | |
| Scroll of Regeneration | 3 | |
| Staff of Teleportation | 2 | |
| Periapt of Vitality | 4 | |
| Circlet of Nobility | 1 | |
| Scroll of Town Portal | 1 | |
| Scroll of Healing | 1 | |
14 total
Noizelol (
yellow | 64 APM | 2989 actions | 46:47)
4 Demon Hunter
2 Immolation
1 Mana Burn
1 Evasion
2 Warden
1 Fan of Knives
1 Shadow Strike
» actions
| Assign group hotkey | 72 | |
| Basic commands | 9 | |
| Build / train | 146 | |
| ESC pressed | 9 | |
| Enter build submenu | 31 | |
| Enter hero's abilities submenu | 6 | |
| Give item / drop item | 1 | |
| Remove unit from queue | 7 | |
| Right click | 1695 | |
| Select / deselect | 688 | |
| Select group hotkey | 250 | |
| Use ability | 74 | |
2989 total
» units
| Wisp | 30 | |
| Archer | 6 | |
| Huntress | 4 | |
| Dryad | 16 | |
| Druid of the Claw | 8 | |
| Chimaera | 38 | |
102 total
» upgrades
| Ultravision | 1 | |
| Abolish Magic | 1 | |
| Strength of the Wild | 3 | |
| Druid of the Claw Training | 2 | |
| Mark of the Claw | 1 | |
| Reinforced Hides | 3 | |
| Nature's Blessing | 1 | |
| Backpack | 1 | |
| Well Spring | 1 | |
| Corrosive Breath | 1 | |
| Hardened Skin | 1 | |
| Resistant Skin | 1 | |
17 total
» buildings
| Altar of Elders | 1 | |
| Moon Well | 9 | |
| Ancient of War | 1 | |
| Hunter's Hall | 1 | |
| Tree of Ages | 1 | |
| Ancient of Lore | 2 | |
| Tree of Life | 2 | |
| Ancient of Wonders | 1 | |
| Tree of Eternity | 1 | |
| Ancient of Wind | 1 | |
| Chimaera Roost | 4 | |
24 total
» build order
00:09 Altar of Elders
00:13 Moon Well
00:18 Ancient of War
02:24 Moon Well
03:29 Hunter's Hall
03:36 Tree of Ages
04:06 Moon Well
05:10 Moon Well
06:34 Ancient of Lore
07:12 Moon Well
08:19 Moon Well
09:23 Ancient of Lore
11:17 Moon Well
12:12 Moon Well
13:46 Moon Well
14:07 Tree of Life
14:45 Ancient of Wonders
16:50 Tree of Eternity
29:02 Ancient of Wind
30:15 Chimaera Roost
31:57 Chimaera Roost
38:12 Chimaera Roost
40:11 Chimaera Roost
43:42 Tree of Life
» items
| Boots of Speed | 1 | |
| Orb of Venom | 2 | |
| Scroll of Town Portal | 1 | |
| Potion of Healing | 6 | |
| Moonstone | 1 | |
11 total
Chat log
(01:28 / All) dogsandhorse.ru: howdy'
(04:10 / All) dogsandhorse.ru: hi'
(04:14 / All) Noizelol: hi
(07:23 / All) dogsandhorse.ru: from_
(07:35 / All) Noizelol: spa
(09:53 / All) Noizelol: ke pesadito eres loco
(18:07 / All) dogsandhorse.ru: perfect!!
(19:02 / All) dogsandhorse.ru: u guys new_
(19:07 / All) Funkastic: y
(19:15 / All) dogsandhorse.ru: cute~~
(19:20 / All) Funkastic: tu putamadre
(26:53 / All) dogsandhorse.ru: bears and dryad yum!
(27:31 / All) dogsandhorse.ru: oops
(28:05 / All) dogsandhorse.ru: well
(28:11 / All) dogsandhorse.ru: http://highper.ch
(28:25 / All) GiveMeAMatch: you have made an error
(28:29 / All) Funkastic: gz guys
(28:35 / All) Funkastic: u guys are rlly pro at old games
(28:39 / All) dogsandhorse.ru: beep, towerbot 3000 detects at least 12 errors
(28:45 / All) GiveMeAMatch: since the Summer of 2004
(28:50 / All) Funkastic: wp guys
(28:51 / All) dogsandhorse.ru: thisis our 9th anniversary
(28:54 / All) GiveMeAMatch: dont give up pls
(28:57 / All) MyLiegeCyrus: fight on
(28:58 / All) MyLiegeCyrus: bravely
(29:00 / All) dogsandhorse.ru: any words for this occasion_
(29:05 / All) Funkastic: yes
(29:11 / All) Funkastic: play another games
(29:17 / All) GiveMeAMatch: this is only game i can afford
(29:19 / All) dogsandhorse.ru: my fevorite game is soldat
(29:26 / All) GiveMeAMatch: it cost me 2000 Swedish Kronäre
(29:30 / All) Funkastic: yes
(29:31 / All) Funkastic: muted guys
(29:35 / All) dogsandhorse.ru: perfect
(29:43 / All) dogsandhorse.ru: now lets play some real wig
(29:53 / All) Funkastic: go show us ur skill
(29:57 / All) dogsandhorse.ru: done
(30:05 / All) Funkastic: ah turrets and afk
(30:10 / All) Funkastic: skilfull guys
(30:13 / All) GiveMeAMatch: our skill is demonstrated in the following ways:: the building of towers
(30:14 / All) dogsandhorse.ru: missile turrets
(30:23 / All) Funkastic: diamond 1
(30:44 / All) GiveMeAMatch: grandmaster (of towers)
(31:22 / All) caracarton: play and shut up
(31:28 / All) dogsandhorse.ru: rude....
(31:28 / All) GiveMeAMatch: ))
(31:45 / All) caracarton: nn towers
(31:47 / All) caracarton: caraconos
(32:19 / All) dogsandhorse.ru: For the viewer: "Caraconos" translates, literally, to "Coneheads"
(33:56 / All) GiveMeAMatch: i want to earn an achievement for researching all technologies
(34:07 / All) dogsandhorse.ru: good use of moonstone. for knight time : - O
(35:03 / All) Funkastic: bahahah
(35:09 / All) Noizelol: lol
(35:15 / All) caracarton: consider ur self useless ^^
(35:17 / All) Noizelol: fft 20
(35:18 / All) Noizelol: plz
(35:19 / All) Noizelol: xD
(35:26 / All) GiveMeAMatch: what does that mean
(35:51 / All) Funkastic: wp naabs
(42:14 / All) caracarton: nipesaos sois
(46:57 / All) GiveMeAMatch: welp
(47:01 / All) GiveMeAMatch: good shittalk before you lost i guess
(47:09 / All) caracarton: shut up
(47:20 / All) caracarton: and go to the street have some social live